AoeStats
← Tavik

Fortress

509753137Analyzed
2v2 RM · 3d ago on Sep 27, 2026· 99m 43s· 4 players
Game mode
Random Map
Map size
Normal (6 player)
Population
200
Speed
Normal
Resources
Standard
Victory
Conquest
Starting age
Dark Age
Ending age
Imperial Age
RankedLock teamsTeams togetherTeam positionsShared explorationLock speedFull tech treeHidden civsTurbo modeCheats
Victory
Defeat
🇨🇿 Persians · Czechia
1308
+16
🇨🇿 Britons · Czechia
1302
+16
🇦🇷 Malians · Argentina
1331
-16
🇺🇸 Goths · United States
1294
-16
MONGO
8:01 Feudal Age
8:48 Horse Collar
11:53 Castle Age
10:40 Double-Bit Axe
12:49 Bow Saw
12:41 Heavy Plow
19:19 Wheelbarrow
20:42 Hand Cart
20:57 Town Watch
21:39 Gold Mining
21:40 Stone Mining
22:24 Loom
22:45 Town Patrol
27:15 Imperial Age
25:23 Stone Shaft Mining
25:35 Scale Mail Armor
25:48 Forging
25:44 Anarchy
26:25 Ballistics
26:01 Murder Holes
26:02 Fletching
26:32 Chain Mail Armor
26:08 Fletching
27:03 Iron Casting
25:54 Pikeman
26:34 Squires
27:25 Halberdier
28:30 Conscription
29:13 Blast Furnace
28:10 Bodkin Arrow
29:18 Chemistry
29:06 Perfusion
29:52 Bracer
29:43 Elite Huskarl
29:47 Man-at-Arms
31:09 Long Swordsman
34:43 Caravan
35:19 Coinage
38:00 Banking
47:47 Onager
48:45 Masonry
54:29 Capped Ram
63:27 Architecture
66:35 Guilds
Hurut
6:27 Feudal Age
8:00 Loom
10:31 Castle Age
9:21 Double-Bit Axe
9:33 Gold Mining
13:36 Fervor
13:47 Sanctity
16:34 Redemption
25:04 Imperial Age
23:41 Stone Mining
27:56 Block Printing
28:22 Theocracy
37:26 Wheelbarrow
37:01 Scale Mail Armor
37:24 Forging
38:36 Squires
38:22 Arson
38:09 Man-at-Arms
39:17 Chain Mail Armor
39:37 Iron Casting
39:47 Hand Cart
39:47 Bow Saw
39:30 Horse Collar
41:12 Plate Mail Armor
40:09 Long Swordsman
40:55 Two-Handed Swordsman
42:01 Champion
44:26 Pikeman
50:42 Scale Barding Armor
50:54 Tigui
51:16 Conscription
51:02 Husbandry
51:13 Bloodlines
50:24 Light Cavalry
53:57 Farimba
54:30 Chain Barding Armor
56:27 Plate Barding Armor
61:24 Heavy Plow
61:14 Town Watch
62:28 Caravan
61:56 Cavalier
66:02 Heavy Camel Rider
84:52 Heavy Camel Rider
Tavik
8:43 Feudal Age
9:47 Horse Collar
12:18 Castle Age
10:43 Double-Bit Axe
17:54 Wheelbarrow
17:04 Loom
20:56 Bloodlines
20:06 Light Cavalry
21:32 Husbandry
22:06 Town Watch
26:56 Heavy Plow
31:35 Imperial Age
29:35 Scale Barding Armor
31:09 Chain Barding Armor
31:29 Cavalier
32:21 Murder Holes
33:06 Kamandaran
33:05 Fletching
33:27 Forging
34:28 Ballistics
37:47 Chemistry
37:37 Iron Casting
37:13 Hussar
39:09 Citadels
42:14 Town Patrol
42:19 Savar
45:36 Hand Cart
51:01 Caravan
51:41 Conscription
51:57 Hoardings
51:38 Masonry
51:18 Guard Tower
54:21 Plate Barding Armor
54:47 Blast Furnace
53:43 Bodkin Arrow
56:47 Guilds
57:29 Thumb Ring
57:50 Parthian Tactics
60:32 Heavy Camel Rider
65:06 Elite War Elephant
67:10 Bow Saw
67:34 Crop Rotation
70:05 Coinage
71:02 Architecture
77:06 Banking
79:56 Devotion
79:31 Sappers
84:25 Two-Man Saw
99:01 Padded Archer Armor
Melioth
7:09 Feudal Age
11:34 Castle Age
9:52 Double-Bit Axe
10:27 Horse Collar
12:06 Gold Mining
13:07 Loom
14:07 Bow Saw
13:59 Heavy Plow
13:53 Loom
18:46 Wheelbarrow
24:35 Imperial Age
22:53 Gold Shaft Mining
22:08 Stone Mining
22:18 Stone Mining
23:26 Fletching
24:15 Hand Cart
24:12 Bodkin Arrow
26:09 Conscription
26:57 Chemistry
28:52 Two-Man Saw
28:08 Heavy Scorpion
29:09 Siege Engineers
30:11 Ballistics
31:06 Bracer
30:32 Elite Longbowman
33:31 Husbandry
32:52 Light Cavalry
33:39 Scale Barding Armor
33:45 Forging
37:43 Iron Casting
37:28 Chain Barding Armor
39:27 Blast Furnace
45:53 Plate Barding Armor
51:03 Warwolf
52:38 Caravan
73:14 Cavalier
Connection lost

Rejoining the realm…

Still unreachable

The connection could not be restored.

Session expired

The server has moved on; the page needs a fresh start.